 Dungeon Crawl Stone Soup version 0.31-a0-177-g4aa6249778 (webtiles) character file.

Game seed: 9728523386685661964

61 SigmundSlayer the Covered (level 3, 0/31 HPs)
             Began as a Demigod Fighter on June 18, 2023.
             Slain by a goblin
             ... wielding a +2 dagger of venom
             ... led by Robin
              (3 damage)
             ... on level 3 of the Dungeon.
             The game lasted 00:01:26 (1761 turns).

SigmundSlayer the Covered (Demigod Fighter)         Turns: 1761, Time: 00:01:26

Health: 0/31       AC: 10    Str: 21    XL:     3   Next: 58%
Magic:  5/5        EV:  9    Int: 10    God:
Gold:   109        SH:  4    Dex: 13    Spells: 2/2 levels left

rFire   . . .        a - +0 flail
rCold   . . .        c - +0 buckler
rNeg    . . .        b - +0 scale mail
rPois   .            (no helmet)
rElec   .            (no cloak)
rCorr   .            (no gloves)
SInv    .            (no boots)
Will    .....        (no amulet) Stlth
                     j - +4 ring of protection
HPRegen 0.25/turn    (no ring)
MPRegen 0.09/turn

%: no passive effects
@: mighty, lethally poisoned (0 -> -4), about to teleport
A: high MP 1, forlorn, divine attributes
a: no special abilities


You were on level 3 of the Dungeon.
You visited 1 branch of the dungeon, and saw 3 of its levels.

You collected 109 gold pieces.

Inventory:

Hand Weapons
 a - a +0 flail (weapon)
Armour
 b - a +0 scale mail (worn)
 c - a +0 buckler (worn)
Jewellery
 j - a +4 ring of protection (left hand)
Scrolls
 g - a scroll of poison {unknown}
 h - a scroll of enchant weapon {unknown}
 i - a scroll of vulnerability {unknown}
 m - a scroll of torment {unknown}
 n - a scroll of amnesia {unknown}
 o - a scroll of noise {unknown}
 p - a scroll of identify {unknown}
Potions
 d - 2 potions of might
 k - 2 potions of enlightenment {unknown}
 l - a potion of mutation {unknown}
 q - a potion of heal wounds {unknown}


   Skills:
 + Level 3.1 Fighting
 * Level 3.0 Maces & Flails
 + Level 3.2 Armour
 - Level 2.6 Shields


You had 2 spell levels left.
You didn't know any spells.
Your spell library contained the following spells:

 Spells                   Type           Power      Damage    Failure   Level
 Ensorcelled Hibernation  Hex/Ice        0%         N/A       88%         2
 Passwall                 Tmut/Erth      0%         N/A       88%         2
 Swiftness                Air            0%         N/A       98%         3


Dungeon Overview and Level Annotations

Branches:
Dungeon (3/15)

Annotations:
D:3 1 transporter, Robin


Innate Abilities, Weirdness & Mutations

You have an increased reservoir of magic. (+10% MP)
You shall have no god before yourself.
Your divine heritage dramatically boosts your attributes as you level up.


Message History

* * * LOW HITPOINT WARNING * * *
The goblin hits you but does no damage.
You feel better.
The goblin no longer looks unusually strong.
The goblin hits you but does no damage. x2
The goblin hits you with a +0 dagger. The goblin hits you but does no damage.
The goblin barely misses you. The goblin hits you but does no damage.
As you read the scroll labelled HIASTR GECIFA, it crumbles to dust.
You feel strangely unstable.
It was a scroll of teleportation.
You block the goblin's attack.
The goblin hits you but does no damage. x3
You block the goblin's attack. x2
You miss the goblin.
The goblin no longer looks unusually strong. x2
The hobgoblin no longer looks unusually strong.
The goblin closely misses you. The goblin hits you but does no damage.
The goblin hits you with a +0 dagger.
* * * LOW HITPOINT WARNING * * *
You block the goblin's attack. The goblin barely misses you.
You block the goblin's attack.
You bludgeon the goblin!!
You kill the goblin!
Robin roars a battlecry!
The goblins go into a battle-frenzy!
The goblin misses you.
The goblin hits you but does no damage. x2
The goblin closely misses you. The goblin hits you with a +0 dagger.
* * * LOW HITPOINT WARNING * * *
The goblin hits you but does no damage.
You are poisoned.
Robin throws the goblin at you! The goblin completely misses you.
The goblin hits you but does no damage. The goblin hits you with a +0 dagger.
* * * LOW HITPOINT WARNING * * *
The goblin barely misses you.
You sock the goblin!
You kill the goblin!
* * * LOW HITPOINT WARNING * * *
You feel sick.
The goblin no longer looks unusually strong.
The goblin hits you but does no damage.
The goblin hits you with a +2 dagger of venom.
You die...

....##≈≈≈≈...≈≈≈≈#
##≈≈≈≈≈≈##'''##≈≈≈#
#≈≈≈≈≈≈≈#)....#≈≈≈#
≈≈≈.....#)†...#...#
≈≈......#.....#...#
≈≈..##+##.....##'##
≈≈..# #.....#...#
#.....#)gg#
#.....#g@g#
#+##.....##g##
#.........ggg#
#..........g.#
##########...#
...g...#...#
.gg....'...#
...g...'...#
############


You could see Robin, 2 hobgoblins and 6 goblins.

Vanquished Creatures
  2 worms (D:3)
  A dart slug (D:1)
  2 giant cockroaches (D:3)
  9 goblins
  5 hobgoblins
  7 jackals
  4 quokkas
  4 ball pythons
  2 bats (D:1)
  2 frilled lizards (D:1)
  2 kobolds
  8 rats
48 creatures vanquished.

Notes
Turn   | Place    | Note
-------+----------+-------------------------------------------
     0 | D:1      | SigmundSlayer the Demigod Fighter began the quest for the
                  | Orb.
     0 | D:1      | Reached XP level 1. HP: 18/18 MP: 3/3
   294 | D:1      | Reached XP level 2. HP: 15/25 MP: 4/4
  1170 | D:3      | Reached XP level 3. HP: 31/31 MP: 5/5
  1367 | D:3      | Found a transporter.
  1732 | D:3      | Noticed Robin
  1755 | D:3      | HP: 1/31 [goblin/+0 dagger[Robin] (2)]
  1761 | D:3      | Slain by a goblin

Illustrated notes

Levels and vault maps discovered:
D:1:      shiori_arrival_elements, layout_basic, minmay_misc_feat_diagonals,
          hangedman_decor_growths
D:2:      layout_rooms
D:3:      kennysheep_goblin_castle, layout_rooms, marbit_many_paths,
          nicolae_overflow_squiral, gammafunk_ghost_stat_death

Skill      XL: |  1  2  3 |
---------------+----------+-----
Maces & Flails | 2 3 |  3.0
Armour         | 3 |  3.2
Fighting       | 3 |  3.1
Shields        | |  2.6

Action                     || total
---------------------------++-------
  Melee: Flail             ||   196
    Use: Potion            ||     5
         Scroll            ||     1
 Armour: Scale mail        ||   191
  Dodge: Dodged            ||   156
  Block: Buckler           ||    62

Table legend: (Time is in decaauts)
 A = Elapsed time spent in this place.
 B = Non-inter-level travel time spent in this place.
 C = Inter-level travel time spent in this place.
 D = Time resting spent in this place.
 E = Time spent auto-exploring this place.
 F = Levels seen in this place.
 G = Mean time per level.
                   A        B        C        D        E       F      G
               +--------+--------+--------+--------+--------+-----+--------+
         Total |   1819 |   1759 |     60 |     99 |   1258 |   3 |  606.3 |
       Dungeon |   1819 |   1759 |     60 |     99 |   1258 |   3 |  606.3 |
               +--------+--------+--------+--------+--------+-----+--------+

Top non-repeatable levels by time:
     D:1: 784 daAuts
     D:3: 678 daAuts
     D:2: 356 daAuts
